 Dungeon Crawl Stone Soup version 0.28-a0-1182-g381e24db82 (webtiles) character file.

Game seed: 7226794184905061986

830 ChaosChampion the Skirmisher (level 7, -6/70 HPs)
             Began as a Minotaur Berserker on Dec 17, 2021.
             Was an Elder of Trog.
             Mangled by an ogre (23 damage)
             ... on level 4 of the Dungeon.
             The game lasted 00:04:24 (4384 turns).

ChaosChampion the Skirmisher (Minotaur Berserker)   Turns: 4384, Time: 00:04:24

Health: -6/70      AC:  3    Str: 23    XL:     7   Next: 65%
Magic:  6/6        EV: 12    Int:  4    God:    Trog [****..]
Gold:   80         SH:  0    Dex: 10    Spells: 6/6 levels left

rFire   . . .      SeeInvis .   b - +2 spear (venom)
rCold   . . .      Faith    .   (no shield)
rNeg    . . .      Spirit   .   m - +2 animal skin
rPois   .          Reflect  .   (helmet restricted)
rElec   .          Harm     .   (no cloak)
rCorr   .          Rampage  .   (no gloves)
Will    ++...                   (no boots)
Stlth   +.........              (no amulet)
HPRegen 1.21/turn               (no ring)
MPRegen 0.10/turn               (no ring)

@: strong-willed, on berserk cooldown, regenerating, slowed, very slow
A: horns 2, retaliatory headbutt, deformed body, robust 1, subdued magic 1
a: Renounce Religion, Berserk, Trog's Hand, Brothers in Arms


You were on level 4 of the Dungeon.
You worshipped Trog.
Trog was greatly pleased with you.
You visited 1 branch of the dungeon, and saw 5 of its levels.

You collected 181 gold pieces.
You spent 101 gold pieces at shops.

Inventory:

Hand Weapons
 a - a +0 hand axe
 b - a +2 spear of venom (weapon)
 u - a +2 hand axe of electrocution
Armour
 m - a +2 animal skin (worn)
 n - the +3 helmet of the Sun {Str+6 Dex+2}
   (You took it off Robin on level 3 of the Dungeon)

   Str:       It affects your strength (+6).
   Dex:       It affects your dexterity (+2).
Wands
 o - a wand of digging (3)
 p - a wand of acid (6)
 v - a wand of mindburst (16)
Scrolls
 c - a scroll of summoning {unknown}
 d - a scroll of silence {unknown}
 e - 6 scrolls of identify {unknown}
 i - a scroll of enchant armour {unknown}
 k - a scroll of noise {unknown}
 l - a scroll of blinking {unknown}
 q - a scroll of magic mapping {unknown}
 r - a scroll of brand weapon {unknown}
 s - a scroll of vulnerability {unknown}
 t - a scroll of immolation {unknown}
Potions
 g - a potion of cancellation {unknown}
 h - a potion of heal wounds {unknown}
 j - a potion of haste {unknown}


   Skills:
 * Level 6.5 Fighting
 - Level 6.2(6.3) Axes
 * Level 2.0(4.4) Polearms
 * Level 6.1 Armour
 + Level 4.0 Dodging


You had 6 spell levels left.
You didn't know any spells.
Your spell library was empty.

Dungeon Overview and Level Annotations

Branches:
Dungeon (5/15)
 Temple: D:4-7

Altars:

Shops:
D:3 *


Innate Abilities, Weirdness & Mutations

You have a pair of horns on your head.
You reflexively headbutt those who attack you in melee.
Armour fits poorly on your strangely shaped body.
You are robust. (+10% HP)
Your spells are a little easier to cast, but a little less powerful.


Message History

The gnoll barely misses you. The ogre completely misses you.
You furiously retaliate!
You headbutt the ogre, but do no damage.
The ogre closely misses you.
A red film seems to cover your vision as you go berserk!
You feel yourself moving faster!
You feel mighty! The gnoll hits you with a +0 flail!
* * * LOW HITPOINT WARNING * * *
You barely miss the gnoll. You headbutt the gnoll.
The gnoll is severely wounded.
The ogre closely misses you. x2; You furiously retaliate!
You headbutt the ogre!! You barely miss the gnoll. You headbutt the gnoll.
You feel the power of Trog in you as your rage grows.
You kill the gnoll!
Trog accepts your kill.
Your base Polearms skill increases to level 2!
The ogre barely misses you. You furiously retaliate!
You headbutt the ogre!
The ogre hits you with a +0 giant spiked club.
* * * LOW HITPOINT WARNING * * *
Things that are here:
a +0 flail; a gnoll corpse You feel a strong urge to attack something.
Reach: b) +2 spear (venom)
Press: ? - help, Dir - move target, f - ogre
Aim: an ogre, wielding a +0 giant spiked club (severely wounded, about 21% to evade your +2 spear of venom)
You reach to attack!
You barely miss the ogre.
The ogre is severely wounded.
You feel a strong urge to attack something.
You are no longer berserk.
You are exhausted.
You feel yourself slow down.
Reach: b) +2 spear (venom)
Press: ? - help, Dir - move target, f - ogre, p - ogre
Aim: an ogre, wielding a +0 giant club (severely wounded, about 21% to evade your +2 spear of venom)
You reach to attack!
You hit the ogre.
The ogre is poisoned.
The ogre is severely wounded.
The ogre misses you.
The ogre hits you with a +0 giant club!!
You die...

##############.#....## #
#..............#####.###########
#.######.(.....#..............##
#.##..##.......#[##..########.##
#.##..##.......#.#...#...#.##.##
#.###'##)#####.#.#...#.#.#......
#........# #.#.#..##.#.#.##.##
###.......#####.#)#.....#.#.##.#
.....(..........@OO.....)>#.##.#
###.......#######.##.####.#.##.#
# #######.# #.........#.#.##.# #
#.# ######.##.#.#.##.## # #.#
#.##.#.#.##...
#########.########
#.##.#.#.##...
.................#
#.##.#.#.##...
#########.#....#.#
#.##.#.#.##... #
#.#....#.###.##.#.#.##...


You could see 2 ogres.

Vanquished Creatures
  Sigmund (D:3)
  An ogre (D:4)
  A necrophage (D:4)
  A water moccasin skeleton (D:4)
  2 howler monkeys (D:4)
  An orc priest (D:4)
  A centaur skeleton (D:4)
  3 orc wizards
  Natasha (D:3)
  Terence (D:3)
  Robin (D:3)
  2 adders (D:4)
  2 gnolls
  An ufetubus (D:4)
  4 worms
  3 dart slugs
  14 orcs
  9 ball pythons
  6 endoplasms
  3 giant cockroaches (D:2)
  17 goblins
  13 hobgoblins
  7 jackals
  9 kobolds
  4 quokkas
  7 bats
  2 frilled lizards
  6 rats
123 creatures vanquished.

Vanquished Creatures (others)
  2 fungi (D:3)
  9 plants (D:3)
11 creatures vanquished.

Grand Total: 134 creatures vanquished

Notes
Turn   | Place    | Note
-------+----------+-------------------------------------------
     0 | D:1      | ChaosChampion the Minotaur Berserker began the quest for
                  | the Orb.
     0 | D:1      | Reached XP level 1. HP: 19/19 MP: 0/0
   304 | D:1      | Reached XP level 2. HP: 27/27 MP: 1/1
   818 | D:1      | Reached ** piety under Trog
   849 | D:1      | Reached XP level 3. HP: 30/33 MP: 2/2
  1474 | D:2      | Reached XP level 4. HP: 32/41 MP: 3/3
  1854 | D:3      | Found Xurehonu's Assorted Antiques.
  1879 | D:3      | Bought a lumpy black potion for 23 gold pieces
  1879 | D:3      | Bought a scroll labelled QUNAPNOUPA for 26 gold pieces
  1879 | D:3      | Bought a scroll labelled OWUMPUMA VAKH for 26 gold pieces
  1879 | D:3      | Bought a scroll labelled BYDAZA QULIAX for 26 gold pieces
  1994 | D:3      | Noticed Terence
  2002 | D:3      | Killed Terence
  2002 | D:3      | Reached *** piety under Trog
  2106 | D:3      | Reached XP level 5. HP: 38/47 MP: 4/4
  2174 | D:3      | Identified the +3 helmet of the Sun {Str+6 Dex+2}
  2174 | D:3      | Noticed Robin
  2196 | D:3      | Killed Robin
  2197 | D:3      | Reached skill level 5 in Axes
  2886 | D:3      | Noticed Sigmund
  2901 | D:3      | Killed Sigmund
  2902 | D:3      | Reached skill level 5 in Fighting
  2902 | D:3      | Reached XP level 6. HP: 56/56 MP: 5/5
  3002 | D:3      | Found a faded altar of an unknown god.
  3124 | D:3      | Noticed Natasha
  3130 | D:3      | Killed Natasha
  3306 | D:4      | Reached skill level 5 in Armour
  3522 | D:4      | Reached **** piety under Trog
  3523 | D:4      | Reached XP level 7. HP: 60/62 MP: 6/6
  3774 | D:4      | Reached skill level 1 in Polearms
  4359 | D:5      | Entered Level 5 of the Dungeon
  4369 | D:4      | Gained mutation: You are robust. (+10% HP) [potion of
                  | mutation]
  4369 | D:4      | Gained mutation: Armour fits poorly on your strangely
                  | shaped body. [potion of mutation]
  4369 | D:4      | Gained mutation: Your spells are a little easier to cast,
                  | but a little less powerful. [potion of mutation]
  4384 | D:4      | Mangled by an ogre

Illustrated notes

Levels and vault maps discovered:
D:1:      wander_arrival_chamber, layout_loops_ring
D:2:      layout_rooms
D:3:      layout_loops_cross, shapermc_ecumenical_altar_hornbeckon,
          serial_shops, nicolae_shop_overgrown_old_shop, uniq_sigmund,
          uniq_natasha, uniq_robin, uniq_terence
D:4:      layout_basic, corexii_checkpoint_a, nicolae_elevator_lobby_asterisk
D:5:      layout_basic, interstate_on_off,
          nicolae_concentric_dashed_squares_wild, grunt_decor_one_mirror,
          minmay_hedge_maze

Skill      XL: |  1  2  3  4  5  6  7 |
---------------+----------------------+-----
Armour         | 3 4 5 6 |  6.1
Axes           | 4 5 6 |  6.2
Fighting       | 4 5 6 |  6.5
Dodging        | 3 4 |  4.0
Polearms       | 2 |  2.0

Action                   |  1- 3 |  4- 6 |  7- 9 || total
-------------------------+-------+-------+-------++-------
Melee: Hand axe          |    76 |    67 |       ||   143
       Headbutt          |    18 |    24 |    11 ||    53
       Spear             |       |    63 |    57 ||   120
Invok: Berserk           |       |     2 |     1 ||     3
       Trog's Hand       |       |       |     1 ||     1
  Use: Potion            |       |       |     1 ||     1
Armor: Animal skin       |    14 |    21 |     5 ||    40
Dodge: Dodged            |    40 |    70 |    20 ||   130

Table legend: (Time is in decaauts)
 A = Elapsed time spent in this place.
 B = Non-inter-level travel time spent in this place.
 C = Inter-level travel time spent in this place.
 D = Time resting spent in this place.
 E = Time spent auto-exploring this place.
 F = Levels seen in this place.
 G = Mean time per level.
                   A        B        C        D        E       F      G
               +--------+--------+--------+--------+--------+-----+--------+
         Total |   4403 |   4268 |    135 |    458 |   3143 |   5 |  880.6 |
       Dungeon |   4403 |   4268 |    135 |    458 |   3143 |   5 |  880.6 |
               +--------+--------+--------+--------+--------+-----+--------+

Top non-repeatable levels by time:
     D:3: 1464 daAuts
     D:1: 1111 daAuts
     D:4: 1076 daAuts
     D:2: 745 daAuts
     D:5: 5 daAuts
